 Dungeon Crawl Stone Soup version 0.28-a0-1506-g3893175d92 (webtiles) character file.

Game seed: 11335873586998981404

8 knot the Skirmisher (level 2, 24/24 HPs)
             Began as a Demonspawn Berserker on Jan 14, 2022.
             Was a Follower of Trog.
             Quit the game on level 1 of the Dungeon.
             The game lasted 00:00:24 (852 turns).

knot the Skirmisher (Demonspawn Berserker)           Turns: 852, Time: 00:00:25

Health: 24/24      AC:  5    Str: 17    XL:     2   Next: 0%
Magic:  2/2        EV: 11    Int:  8    God:    Trog [*.....]
Gold:   27         SH:  0    Dex: 12    Spells: 1/1 levels left

rFire   . . .      SeeInvis .   a - +0 hand axe
rCold   . . .      Faith    .   (no shield)
rNeg    . . .      Spirit   .   c - +0 ring mail
rPois   .          Reflect  .   (no helmet)
rElec   .          Harm     .   (no cloak)
rCorr   .          Rampage  .   (no gloves)
Will    .....                   (no boots)
Stlth   +.........              (no amulet)
HPRegen 0.08/turn               (no ring)
MPRegen 0.08/turn               (no ring)

@: no status effects
A: spiny 1
a: Renounce Religion, Berserk


You were on level 1 of the Dungeon.
You worshipped Trog.
Trog was aware of your devotion.
You visited 1 branch of the dungeon, and saw 1 of its levels.

You collected 27 gold pieces.

Inventory:

Hand Weapons
 a - a +0 hand axe (weapon)
Missiles
 d - 23 stones (quivered)
Armour
 b - a +0 animal skin
 c - a +0 ring mail (worn)
Scrolls
 e - 3 scrolls of identify {unknown}
 f - a scroll of holy word {unknown}


   Skills:
 + Level 3.1 Fighting
 + Level 2.8 Axes
 + Level 2.0 Armour
 + Level 2.0 Dodging


You had one spell level left.
You didn't know any spells.
Your spell library was empty.

Dungeon Overview and Level Annotations

Branches:
Dungeon (1/15)

Altars:


Innate Abilities, Weirdness & Mutations

You are partially covered in sharp spines.


Message History

The bat hits you.
You hit the bat.
You kill the bat!
Trog accepts your kill.
Your Armour skill increases to level 2!
No target in view!
No target in view!
No target in view!
No target in view!
You see here a bat corpse.
As you open the door, it creaks loudly!
There is an open door here.
e - 3 scrolls labelled FYCERIFEMNO (gained 1)
Found a human skeleton.
Found a human skeleton.
No target in view!
No target in view!
Found a human skeleton.
No target in view!
No target in view!
Found a human corpse.
No target in view!
You see here a human skeleton.
A frilled lizard comes into view.
Found 16 gold pieces.
You see here a human skeleton.
You hit the frilled lizard.
You kill the frilled lizard!
Trog accepts your kill.
Your Dodging skill increases to level 2!
You have reached level 2!
Your demonic ancestry asserts itself...
Sharp spines emerge from parts of your body.
Are you sure you want to abandon this character and quit the game? (Confirm with "yes".)
Okay, then.
Unknown command.
Unknown command.
Unknown command.
Unknown command.
Are you sure you want to abandon this character and quit the game? (Confirm with "yes".)

#.........###.##########.
#..#.###..+..............
#.##...##.###.###########
###..###### #.# #..##...#
#.# #..#..$.## #.#
##..##$.$†# #..
#÷.###..†.# ###
##..####@# ##..##÷##
##...## #####


There were no monsters in sight!

Vanquished Creatures
  A bat (D:1)
  An endoplasm (D:1)
  A goblin (D:1)
  A kobold (D:1)
  3 frilled lizards (D:1)
  A rat (D:1)
8 creatures vanquished.

Notes
Turn   | Place    | Note
-------+----------+-------------------------------------------
     0 | D:1      | knot the Demonspawn Berserker began the quest for the Orb.
     0 | D:1      | Reached XP level 1. HP: 18/18 MP: 1/1
   852 | D:1      | Gained mutation: You are partially covered in sharp spines.
                  | [demonic ancestry]
   852 | D:1      | Reached XP level 2. HP: 24/24 MP: 2/2
   852 | D:1      | Quit the game

Illustrated notes

Levels and vault maps discovered:
D:1:      dpeg_arrival_pits, layout_basic, wander_ebering_terrifying_dragon_lair

Skill      XL: |  1 |
---------------+----+-----
Armour         | 2 |  2.0
Dodging        | 2 |  2.0
Fighting       | |  3.1
Axes           | |  2.8

Action                   || total
-------------------------++-------
Melee: Hand axe          ||    23
Armor: Ring mail         ||     8
Dodge: Dodged            ||    12

Table legend: (Time is in decaauts)
 A = Elapsed time spent in this place.
 B = Non-inter-level travel time spent in this place.
 C = Inter-level travel time spent in this place.
 D = Time resting spent in this place.
 E = Time spent auto-exploring this place.
 F = Levels seen in this place.
 G = Mean time per level.
                   A        B        C        D        E       F      G
               +--------+--------+--------+--------+--------+-----+--------+
         Total |    855 |    855 |      0 |    380 |    403 |   1 |  855.0 |
       Dungeon |    855 |    855 |      0 |    380 |    403 |   1 |  855.0 |
               +--------+--------+--------+--------+--------+-----+--------+

Top non-repeatable levels by time:
     D:1: 855 daAuts
